 Dungeon Crawl Stone Soup version 0.29-a0-330-g52719c12eb (webtiles) character file.

Game seed: 18028976823399865492

21103 kae the Arsonist (level 12, -8/104 HPs)
             Began as a Demigod Fire Elementalist on Apr 21, 2022.
             Engulfed by a cloud of spreading flames (17 damage)
             ... on level 2 of the Lair of Beasts.
             The game lasted 00:18:09 (22165 turns).

kae the Arsonist (Demigod Fire Elementalist)       Turns: 22165, Time: 00:18:10

Health: -8/104     AC: 13    Str:  9    XL:     12   Next: 21%
Magic:  16/27      EV: 14    Int: 45    God:
Gold:   695        SH:  5    Dex: 14    Spells: 7/25 levels left

rFire   . . .      SeeInvis +   f - +4 dagger (vorpal)
rCold   . . .      Faith    .   (no shield)
rNeg    + . .      Spirit   .   D - +3 steam dragon scales
rPois   +          Reflect  +   G - +1 helmet
rElec   .          Harm     .   y - +0 cloak
rCorr   .          Rampage  .   (no gloves)
Will    +....                   (no boots)
Stlth   ++........              g - amulet of reflection
HPRegen 0.27/turn               H - ring "Tiwerolaxa" {*Slow rPois rN+ Int+6 SInv}
MPRegen 0.20/turn               l - +6 ring of intelligence

@: studying Armour
A: high MP 1, forlorn, divine attributes
a: no special abilities


You were on level 2 of the Lair of Beasts.
You visited 2 branches of the dungeon, and saw 13 of its levels.
You also visited: Bailey.

You collected 905 gold pieces.
You spent 210 gold pieces at shops.

Inventory:

Hand Weapons
 f - a +4 vorpal dagger (weapon)
Armour
 y - a +0 cloak (worn)
 D - +3 steam dragon scales (worn)
 F - +0 acid dragon scales
 G - a +1 helmet (worn)
Jewellery
 a - the ring "Hyobu" {*Slow rElec rPois MP+9 Int-3}
   (You found it on level 10 of the Dungeon)

   [ring of magical power]

   Int:       It affects your intelligence (-3).
   rElec:     It insulates you from electricity.
   rPois:     It protects you from poison.
   MP:        It affects your magic capacity (+9).
   *Slow:     It may slow you when you take damage.
 c - a +4 ring of evasion
 g - an amulet of reflection (around neck)
 l - a +6 ring of intelligence (right hand)
 H - the ring "Tiwerolaxa" (left hand) {*Slow rPois rN+ Int+6 SInv}
   (You acquired it on level 1 of the Lair of Beasts)

   [ring of positive energy]

   Int:       It affects your intelligence (+6).
   rPois:     It protects you from poison.
   rN:        It protects you from negative energy.
   SInv:      It lets you see invisible.
   *Slow:     It may slow you when you take damage.
Wands
 r - a wand of paralysis (10)
 s - a wand of iceblast (10)
 v - a wand of flame (24)
 z - a wand of acid (13)
 E - a wand of charming (1)
Scrolls
 d - a scroll of magic mapping
 k - a scroll of holy word
 o - 4 scrolls of immolation
 p - 3 scrolls of teleportation
 w - 6 scrolls of identify
 x - a scroll of blinking
 A - 5 scrolls of enchant weapon
 C - a scroll of fear
 I - 3 scrolls of summoning
 J - 2 scrolls of acquirement
Potions
 b - 3 potions of magic
 e - 3 potions of degeneration
 h - 5 potions of mutation
 i - 7 potions of heal wounds
 j - 2 potions of flight
 m - 4 potions of brilliance
 n - 3 potions of curing
 q - 3 potions of might
 t - 3 potions of invisibility
 u - a potion of attraction
Miscellaneous
 B - a tin of tremorstones (2/2)


   Skills:
 + Level 9.3 Fighting
 + Level 7.1 Armour
 + Level 5.3 Dodging
 - Level 1.7 Stealth
 - Level 7.3 Spellcasting
 - Level 7.8 Conjurations
 - Level 11.4 Fire Magic


You had 7 spell levels left.
You knew the following spells:

 Your Spells              Type           Power      Damage    Failure   Level
a - Foxfire               Conj/Fire      100%       2x1d9     1%          1
b - Scorch                Fire           100%       2d10      1%          2
c - Conjure Flame         Conj/Fire      80%        6-21      1%          3
d - Inner Flame           Hex/Fire       61%        N/A       1%          3
e - Flame Wave            Conj/Fire      80%        2d14      1%          4
f - Blink                 Tloc           32%        N/A       2%          2
g - Swiftness             Air            16%        N/A       4%          3

Your spell library contained the following spells:

 Spells                   Type           Power      Damage    Failure   Level
 Sandblast                Erth           32%        2d9       1%          1
 Stone Arrow              Conj/Erth      100%       3d13      1%          3
 Ensorcelled Hibernation  Hex/Ice        32%        N/A       2%          2
 Passwall                 Tmut/Erth      13%        N/A       2%          2
 Confusing Touch          Hex            16%        N/A       4%          3
 Lesser Beckoning         Tloc           16%        N/A       4%          3
 Spider Form              Tmut/Pois      16%        N/A       4%          3
 Tukima's Dance           Hex            16%        N/A       4%          3
 Anguish                  Hex/Necr       8%         N/A       17%         4
 Passage of Golubria      Tloc           16%        N/A       17%         4
 Summon Ice Beast         Ice/Summ       16%        N/A       17%         4
 Manifold Assault         Tloc           16%        N/A       43%         5
 Summon Mana Viper        Hex/Summ       16%        N/A       43%         5
 Yara's Violent Unravell  Hex/Tmut       8%         3d5       43%         5
 Enfeeble                 Hex            8%         N/A       100%        7
 Monstrous Menagerie      Summ           8%         N/A       100%        7


Dungeon Overview and Level Annotations

Branches:
Dungeon (11/15)            Temple (0/1) D:7            Lair (2/6) D:9
  Snake (0/4) Lair:2          Orc (0/2) D:10         Bailey (visited)
  Swamp: Lair:2-4    Shoals: Lair:2-4

Shops:
D:3 :   D:6 ?   D:9 !

Annotations:
D:3 1 exclusion
D:11 Amaemon
Lair:1 2 transporters, Boazxuv's ghost, journeyman DsFi


Innate Abilities, Weirdness & Mutations

You have an increased reservoir of magic. (+10% MP)
You shall have no god before yourself.
Your divine heritage dramatically boosts your attributes as you level up.


Message History

A wave of flame ripples out!
The flame wave engulfs the blink frog!!
The blink frog is burned terribly!
You kill the blink frog!
The tree burns like a torch!
The flame wave engulfs the blink frog!!
The blink frog is severely wounded.
You are engulfed in blazing flames.
The blink frog barely misses you.
The forest fire spreads!
A wave of flame ripples out!
The flame wave engulfs the blink frog!!
You kill the blink frog!
The flame wave engulfs the blink frog!
The blink frog is moderately wounded.
The tree burns like a torch!
You finish channelling waves of flame.
You are engulfed in blazing flames.
You hear a croak.
You hear an angry growl.
A blink frog comes into view.
The blink frog hits you!
You hear a howl!
The forest fire spreads!
Really walk into that cloud of spreading flames?
Okay, then.
Really walk into that cloud of spreading flames?
You are engulfed in a forest fire.
The blink frog is engulfed in blazing flames.
The blink frog blinks!
The forest fire spreads! x2
You are engulfed in a forest fire.
* * * LOW HITPOINT WARNING * * *
The blink frog is engulfed in blazing flames.
The blink frog is engulfed in a forest fire.
You kill the blink frog!
The blink frog is engulfed in a forest fire.
You kill the blink frog!
Your Armour skill increases to level 7!
You are engulfed in a forest fire.
* * * LOW HITPOINT WARNING * * *
A wyvern comes into view.
Really walk into that cloud of flame?
Okay, then.
Unknown command.
You are engulfed in a forest fire.
You die...

♣#.♣♣♣♣#.###........
l§§§§§#..###....... #§§§§♣#.##
#....... #§§§§§#.# ###...##
#§§§§♣#.# #..#.... #§§§§♣#.##
#..P.... #§§§§§#..###..P....
#§§§§§#.###........
#§@§♣♣#.......#.... ### #####
######♣.♣#######..####.
♣.♣##.>.##...............#.......
...#.....#.♣♣♣♣♣...♣♣♣♣♣.#.......
...∩.....∩.♣ ♣.♣.♣ ♣.........
...#.....#.♣ ♣...♣♣♣♣♣.#.......
...##<.<## ..........#...##.#
##########################...#.##
.............................###


You could see a wyvern.

Vanquished Creatures
  3 hydras
  A two-headed ogre (D:11)
  2 death yaks (D:9)
  5 elephants (Lair:2)
  3 komodo dragons
  An unseen horror (D:11)
  2 rime drakes
  3 trolls
  A polar bear (Lair:2)
  A hornet (D:7)
  8 blink frogs
  Prince Ribbit (D:7)
  3 wraiths
  Eustachio (D:5)
  A steam dragon (D:9)
  2 wyverns
  A basilisk (Lair:1)
  16 yaks (Lair:1)
  Menkaure (D:6)
  A naga (Lair:2)
  3 acid dragons
  15 orc warriors
  7 water moccasins
  3 ice beasts
  2 black bears
  A sky beast (D:6)
  4 ogres
  12 centaurs
  A phantom (D:5)
  Blork the orc (D:6)
  7 kobold brigands
  9 bullfrogs
  4 gnoll sergeants
  2 scorpions
  3 necrophages
  4 wights (D:7)
  6 killer bees
  A vampire bat (D:4)
  5 howler monkeys
  Crazy Yiuf (D:7)
  A gnoll shaman (D:7)
  12 orc priests
  3 iron imps (D:8)
  2 jellies
  3 iguanas
  Ijyb (D:5)
  7 orc wizards
  17 gnolls
  8 adders
  A river rat (D:9)
  A white imp (D:5)
  3 ufetubi
  A worm (D:5)
  2 dart slugs (D:4)
  63 orcs
  3 ball pythons
  2 bat skeletons (D:4)
  5 bat zombies (D:4)
  8 endoplasms
  A giant cockroach (D:2)
  7 hobgoblins
  5 jackals
  17 kobolds
  2 quokkas
  9 bats
  3 frilled lizards
  6 goblins
341 creatures vanquished.

Vanquished Creatures (collateral kills)
  A foxfire (Lair:1)
1 creature vanquished.

Vanquished Creatures (others)
  941 foxfires
  13 fungi
  14 plants
968 creatures vanquished.

Grand Total: 1310 creatures vanquished

Notes
Turn   | Place    | Note
-------+----------+-------------------------------------------
     0 | D:1      | kae the Demigod Fire Elementalist began the quest for the
                  | Orb.
     0 | D:1      | Reached XP level 1. HP: 14/14 MP: 5/5
    66 | D:1      | Reached skill level 1 in Conjurations
   686 | D:1      | Reached skill level 3 in Fire Magic
   686 | D:1      | Reached XP level 2. HP: 22/22 MP: 5/7
   721 | D:1      | Learned a level 2 spell: Scorch
  1156 | D:2      | Noticed a scorpion
  1177 | D:2      | Killed a scorpion
  1178 | D:2      | Reached skill level 1 in Fighting
  1178 | D:2      | Reached XP level 3. HP: 12/28 MP: 0/9
  1178 | D:2      | Reached XP level 4. HP: 15/35 MP: 0/10
  2907 | D:3      | Learned a level 3 spell: Conjure Flame
  2991 | D:3      | Reached skill level 4 in Fire Magic
  3091 | D:3      | Found Gitu's Book Boutique.
  3350 | D:4      | Reached XP level 5. HP: 41/41 MP: 3/11
  4046 | D:4      | Reached XP level 6. HP: 25/50 MP: 3/13
  4613 | D:4      | Reached skill level 5 in Fire Magic
  4811 | D:5      | Entered Level 5 of the Dungeon
  5040 | D:5      | Reached XP level 7. HP: 56/56 MP: 13/15
  5153 | D:5      | Noticed Ijyb
  5210 | D:5      | Killed Ijyb
  5890 | D:5      | Reached skill level 6 in Fire Magic
  6050 | D:5      | Noticed Eustachio
  6053 | D:5      | Reached XP level 8. HP: 61/66 MP: 9/17
  6333 | D:5      | Killed Eustachio
  6798 | D:6      | Noticed Menkaure
  6798 | D:6      | Noticed Blork the orc
  6829 | D:5      | Learned a level 3 spell: Inner Flame
  6834 | D:5      | Learned a level 4 spell: Flame Wave
  6965 | D:6      | Reached skill level 7 in Fire Magic
  7132 | D:6      | Killed Blork the orc
  7132 | D:6      | Killed Menkaure
  7442 | D:6      | Found Wanakk's Magic Scroll Boutique.
  7450 | D:6      | Bought a scroll of identify for 20 gold pieces
  7450 | D:6      | Bought a scroll of identify for 20 gold pieces
  7450 | D:6      | Bought a scroll of identify for 20 gold pieces
  7450 | D:6      | Bought a scroll of blinking for 75 gold pieces
  7450 | D:6      | Bought a scroll of blinking for 75 gold pieces
  8225 | D:7      | Reached skill level 5 in Conjurations
  8225 | D:7      | Reached XP level 9. HP: 73/73 MP: 14/19
  8326 | D:7      | Found a staircase to the Ecumenical Temple.
  8422 | D:7      | Reached skill level 5 in Fighting
  8422 | D:7      | Reached skill level 5 in Spellcasting
  8424 | D:7      | Reached skill level 8 in Fire Magic
  8729 | D:7      | Noticed Prince Ribbit
  8737 | D:7      | Killed Prince Ribbit
  9176 | D:7      | Found a runed translucent door.
  9177 | D:7      | Noticed Crazy Yiuf
  9186 | D:7      | Killed Crazy Yiuf
  9405 | D:8      | Paralysed by a hornet for 2 turns
 10407 | D:8      | Reached skill level 9 in Fire Magic
 11080 | D:9      | Found a flagged portal.
 11132 | Bailey   | Entered a bailey
 11161 | Bailey   | Reached XP level 10. HP: 69/83 MP: 11/22
 11855 | Bailey   | Learned a level 2 spell: Blink
 11859 | Bailey   | Learned a level 3 spell: Swiftness
 14186 | D:9      | Noticed a death yak
 14193 | D:9      | Noticed a death yak
 14194 | D:9      | Reached skill level 10 in Fire Magic
 14196 | D:9      | Noticed a death yak
 14198 | D:9      | Killed a death yak
 14469 | D:9      | Found a staircase to the Lair.
 14492 | D:9      | Found Nixarr's Distillery.
 15804 | D:9      | Killed a death yak
 16239 | D:10     | Entered Level 10 of the Dungeon
 16538 | D:10     | Identified the ring "Hyobu" {*Slow rElec rPois MP+9 Int-3}
 17009 | D:10     | Found a staircase to the Orcish Mines.
 17013 | D:10     | Reached XP level 11. HP: 90/92 MP: 16/25
 17913 | D:11     | Noticed Amaemon
 17913 | D:11     | Noticed a phantasmal warrior
 17944 | D:11     | Reached skill level 11 in Fire Magic
 18056 | D:11     | Noticed a two-headed ogre
 18067 | D:11     | Killed a two-headed ogre
 18321 | D:11     | Noticed a centaur warrior
 18764 | Lair:1   | Entered Level 1 of the Lair of Beasts
 19286 | Lair:1   | Reached skill level 1 in Armour
 19777 | Lair:1   | Found a transporter.
 19778 | Lair:1   | Found a transporter.
 19780 | Lair:1   | Noticed Boazxuv's ghost (journeyman DsFi)
 19780 | Lair:1   | Noticed a spriggan rider
 19788 | Lair:1   | Noticed a spriggan rider
 19986 | Lair:1   | Identified a scroll of acquirement
 19987 | Lair:1   | Acquired the ring "Tiwerolaxa" {*Slow rPois rN+ Int+6 SInv}
 20086 | Lair:1   | Noticed a six-headed hydra
 20098 | Lair:1   | Killed a six-headed hydra
 20691 | Lair:2   | Noticed an eight-headed hydra
 20697 | Lair:2   | Killed an eight-headed hydra
 20698 | Lair:2   | Reached skill level 5 in Armour
 21256 | Lair:2   | Found a staircase to the Snake Pit.
 21518 | Lair:2   | Reached XP level 12. HP: 82/103 MP: 3/27
 21991 | Lair:2   | Noticed a four-headed hydra
 21999 | Lair:2   | Killed a four-headed hydra
 22000 | Lair:2   | Reached skill level 5 in Dodging
 22165 | Lair:2   | Engulfed by a cloud of spreading flames

Illustrated notes

Levels and vault maps discovered:
D:1:      lightli_arrival_quake, layout_loops_ring
D:2:      layout_basic, ebering_ecumenical_altar_box
D:3:      layout_loops_ring, nicolae_uskayaw_suspiria, serial_shops,
          nicolae_shop_advertising_works [nicolae_subvault_shop_adworks]
D:4:      layout_cave_pools, kennysheep_vampire_church, kennysheep_little_box
D:5:      layout_loops_ring, mainiacjoe_overflow_tiny_flanked,
          mainiacjoe_overflow_concentric_impassable, mainiacjoe_overflow_paths,
          uniq_eustachio, uniq_ijyb
D:6:      layout_loops_cross, mainiacjoe_overflow_catwalk, serial_shops, shop,
          mrwooster_statue_mirror, amcnicky_mini_rare_corridor_liquid,
          uniq_blork_the_orc, uniq_menkaure
D:7:      layout_basic, minmay_temple_entry_statues_fountains,
          uniq_prince_ribbit1, uniq_crazy_yiuf_cottage
D:8:      layout_rooms, mainiacjoe_overflow_alcove_2, demons_altar,
          mainiacjoe_overflow_boulevard
D:9:      wander_river, layout_layer_cave, dpeg_lair_monsters, serial_shops,
          shop_fountains, enter_bailey_2
D:10:     layout_gridville, mainiacjoe_overflow_alcove_4,
          lemuel_coloured_pillars_altar, mainiacjoe_overflow_24_doors,
          kennysheep_orc_monster_closet_entryway
D:11:     layout_cave_pods, nicolae_trove_entry_free_sample,
          statue_in_the_mist_lemuel, uniq_amaemon
Lair:1:   layout_loops_ring, gammafunk_ghost_wrathful_warriors
Lair:2:   nzn_winding_woodlands_stair_trap [nzn_winding_woodlands_5x15_sawtooth,
          nzn_winding_woodlands_5x15_concentric,
          nzn_winding_woodlands_5x15_lazy_stream,
          nzn_winding_woodlands_15x15_eel_pit,
          nzn_winding_woodlands_5x15_pockets,
          nzn_winding_woodlands_5x15_river_crossing,
          nzn_winding_woodlands_5x15_parted], layout_chaotic_city,
          minmay_snake_entry_guardpost_small

Skill      XL: |  1  2  3  4  5  6  7  8  9 10 11 12 |
---------------+-------------------------------------+-----
Conjurations   | 1 2 3 4 5 6 7 |  7.8
Fire Magic     | 3 4 5 6 7 9 10 11 | 11.4
Spellcasting   | 2 3 4 5 6 7 |  7.3
Fighting       | 1 2 3 4 6 7 8 9 |  9.3
Armour         | 5 7 |  7.1
Dodging        | 4 5 |  5.3
Stealth        | |  1.7

Action                   |  1- 3 |  4- 6 |  7- 9 | 10-12 || total
-------------------------+-------+-------+-------+-------++-------
Melee: Dagger            |    26 |    16 |   121 |    62 ||   225
       Punch             |       |       |     2 |     3 ||     5
 Cast: Foxfire           |    37 |   111 |   159 |   245 ||   552
       Scorch            |     3 |    21 |    52 |   122 ||   198
       Flame Wave        |       |       |    14 |    26 ||    40
       Conjure Flame     |       |       |     5 |    14 ||    19
       Inner Flame       |       |       |     5 |     3 ||     8
       Blink             |       |       |       |     1 ||     1
       Swiftness         |       |       |       |     1 ||     1
  Use: Scroll            |     3 |     8 |     5 |    10 ||    26
       Potion            |       |       |     2 |       ||     2
 Stab: Sleeping          |       |       |       |     1 ||     1
Armor: Robe              |     6 |     6 |    24 |    12 ||    48
       Steam dragon scal |       |       |       |    69 ||    69
Dodge: Dodged            |    36 |    46 |   148 |   202 ||   432
Block: Other             |       |     1 |    70 |    84 ||   155
       Reflection        |       |       |     2 |     1 ||     3

Table legend: (Time is in decaauts)
 A = Elapsed time spent in this place.
 B = Non-inter-level travel time spent in this place.
 C = Inter-level travel time spent in this place.
 D = Time resting spent in this place.
 E = Time spent auto-exploring this place.
 F = Levels seen in this place.
 G = Mean time per level.
                   A        B        C        D        E       F      G
               +--------+--------+--------+--------+--------+-----+--------+
         Total |  22239 |  21751 |    488 |   3323 |  15225 |  14 | 1588.5 |
       Dungeon |  16485 |  16033 |    452 |   1947 |  11896 |  11 | 1498.6 |
          Lair |   3399 |   3364 |     35 |    541 |   2367 |   2 | 1699.5 |
        Bailey |   2355 |   2355 |      0 |    835 |    962 |   1 | 2355.0 |
               +--------+--------+--------+--------+--------+-----+--------+

Top non-repeatable levels by time:
     D:9: 2849 daAuts
  Bailey: 2355 daAuts
    D:10: 2105 daAuts
  Lair:1: 1914 daAuts
     D:5: 1863 daAuts
     D:7: 1777 daAuts
     D:8: 1487 daAuts
  Lair:2: 1484 daAuts
     D:3: 1395 daAuts
     D:2: 1274 daAuts
     D:4: 1208 daAuts
     D:6: 1169 daAuts
     D:1: 933 daAuts
    D:11: 420 daAuts
